 Dungeon Crawl Stone Soup version 0.23.1 (webtiles) character file.

Game seed: 2686591240107138336

102 Borgoz the Sneak (level 4, -2/36 HPs)
             Began as a Ghoul Enchanter on Mar 3, 2019.
             Killed by divine providence
             ... invoked by an orc priest
              (13 damage)
             ... on level 3 of the Dungeon.
             The game lasted 00:04:49 (2166 turns).

Borgoz the Sneak (Ghoul Enchanter)                  Turns: 2166, Time: 00:04:50

Health: -2/36      AC:  2    Str: 16    XL:     4   Next: 77%
Magic:  5/5        EV: 12    Int: 10    God:
Gold:   135        SH:  0    Dex: 10    Spells: 3/6 levels left

rFire    + . .     SeeInvis .   a - +1 dagger
rCold    + . .     Gourm    .   (no shield)
rNeg     + + +     Faith    .   b - +0 robe
rPois    ∞         Spirit   .   (no helmet)
rElec    .         Reflect  .   (no cloak)
rCorr    .         Harm     .   (no gloves)
MR       .....                  (no boots)
Stlth    +++.......             (no amulet)
HPRegen  0.00/turn              h - ring of stealth
MPRegen  0.09/turn              f - ring of protection from fire

@: mighty, rotting
A: rotting body, claws 1, carnivore, cold resistance 1, negative energy
resistance 3, inhibited regeneration, torment resistance, unbreathing
a: no special abilities


You were on level 3 of the Dungeon.
You were not hungry.

You visited 1 branch of the dungeon, and saw 3 of its levels.

You collected 135 gold pieces.

Inventory:

Hand Weapons
 a - a +1 dagger (weapon)
Armour
 b - a +0 robe (worn)
Jewellery
 c - an uncursed amulet of faith
 f - a ring of protection from fire (right claw)
 h - a ring of stealth (left claw)
Scrolls
 e - 4 scrolls of remove curse {unknown}
 i - 2 scrolls of fear {unknown}
 j - 3 scrolls of teleportation {unknown}
 k - a scroll of enchant weapon {unknown}
 l - 2 scrolls of identify {unknown}
 p - a scroll of immolation {unknown}
Potions
 n - a potion of flight {unknown}
 o - a potion of berserk rage {unknown}
Comestibles
 d - 4 rations


   Skills:
 + Level 1.9 Fighting
 + Level 2.0 Short Blades
 + Level 1.4 Armour
 + Level 2.6 Dodging
 + Level 3.6 Stealth
 - Level 1.7 Spellcasting
 - Level 2.4 Hexes


You had 3 spell levels left.
You knew the following spells:

 Your Spells              Type           Power        Failure   Level  Hunger
a - Corona                Hex            #......      12%         1    ##.....
b - Ensorcelled Hibernat  Hex/Ice        #.....       30%         2    ###....

Your spell library contained the following spells:

 Spells                   Type           Power        Failure   Level  Hunger
 Confuse                  Hex            #.......     34%         3    ####...
 Tukima's Dance           Hex            #.......     34%         3    ####...
 Dazzling Spray           Conj/Hex       #.....       52%         3    ####...


Dungeon Overview and Level Annotations

Branches:
Dungeon (2/15)

Altars:
Elyvilon
Fedhas
Zin

Annotations:
D:2 Natasha


Innate Abilities, Weirdness & Mutations

Your body is rotting away.
You thrive on raw meat.
You are immune to poison.
You have sharp fingernails.
You are carnivorous and can eat meat at any time.
Your flesh is cold resistant. (rC+)
You are immune to negative energy. (rN+++)
You do not regenerate when monsters are visible.
You are immune to unholy pain and torment.
You can survive without breathing.


Message History

An orc comes into view.
You hear a shout! x2
The orc shouts! x2; The adder hisses angrily.
The adder bites you.
You barely miss the adder. The adder barely misses you.
You hit the adder.
The adder is heavily wounded.
The adder bites you.
You puncture the adder!
You kill the adder!
Your Short Blades skill increases to level 2!
You closely miss the orc. The orc misses you.
You hit the orc.
The orc is severely wounded.
The orc hits you.
You hit the orc.
You kill the orc!
The orc priest calls down the wrath of Beogh upon you.
Beogh smites you!
You die...

## #.# #.# #.#
#.# #.# #.# ###
#.###########.##
#............#.#
#############@##
#†#
...####o######
ooo...oo.....#
.oo.#.....##.#
.. #....##
#.#.## #.### #.


You could see an orc priest and 2 orcs.

Vanquished Creatures
  A howler monkey (D:3)
  2 adders (D:3)
  A worm (D:3)
  2 dart slugs (D:1)
  3 orcs (D:3)
  5 bats
  2 giant cockroaches
  3 goblins (D:1)
  A hobgoblin (D:1)
  5 jackals (D:1)
  2 kobolds
  A quokka (D:2)
  A ball python (D:1)
  2 frilled lizards
  3 rats
34 creatures vanquished.

Notes
Turn   | Place    | Note
-------+----------+-------------------------------------------
     0 | D:1      | Borgoz the Ghoul Enchanter began the quest for the Orb.
     0 | D:1      | Reached XP level 1. HP: 14/14 MP: 2/2
   191 | D:1      | Reached skill level 1 in Short Blades
   263 | D:1      | Reached XP level 2. HP: 14/22 MP: 3/3
   414 | D:1      | HP: 1/22 [jackal (3)]
   874 | D:1      | Learned a level 2 spell: Ensorcelled Hibernation
   902 | D:1      | Reached skill level 1 in Fighting
  1117 | D:1      | Reached XP level 3. HP: 25/28 MP: 4/4
  1354 | D:2      | Found a white marble altar of Elyvilon.
  1436 | D:2      | Reached skill level 1 in Armour
  1460 | D:2      | Noticed Natasha
  1495 | D:2      | You fall through a shaft!
  1772 | D:3      | Found a blossoming altar of Fedhas.
  1774 | D:3      | Found a glowing silver altar of Zin.
  1814 | D:3      | Reached XP level 4. HP: 23/36 MP: 5/5
  1884 | D:3      | HP: 1/36 [adder (5)]
  2166 | D:3      | Killed from afar by an orc priest

Skill      XL: |  1  2  3  4 |
---------------+-------------+-----
Short Blades   | 1 2 |  2.0
Dodging        | 2 |  2.6
Fighting       | 1 |  1.9
Armour         | 1 |  1.4
Stealth        | |  3.6
Spellcasting   | |  1.7
Hexes          | |  2.4

Action                   |  1- 3 |  4- 6 || total
-------------------------+-------+-------++-------
Melee: Dagger            |   135 |    64 ||   199
 Cast: Corona            |     5 |       ||     5
       Ensorcelled Hiber |     2 |     6 ||     8
  Use: Potion            |     1 |     3 ||     4
 Stab: Sleeping          |     6 |     1 ||     7
  Eat: Chunk             |    10 |     5 ||    15
Armor: Robe              |    31 |     3 ||    34
Dodge: Dodged            |    96 |    45 ||   141
